Cogmind - Beta 12 X3 @@@ ROGUE MODE // 2022.09.09 @ 20:25:33 Player: albenzo Result: Destroyed self via exploding Nuclear Reactor Performance ------------- Evolutions (3) 1500 Regions Visited (12) 2400 Robots Destroyed (108) 540 Value Destroyed (4533) 4533 Prototype IDs (37) 740 Alien Tech Used (0) 0 Bonus (3168) 3168 TOTAL SCORE: 12881 Bonus ------- High Alert Combat Kills 328 Follower Combat Kills 662 Entered Garrisons 400 Used RIF Installer 1500 Aligned with FarCom 300 Friendly Fire -22 Cogmind --------- Core Integrity 0/700 Matter 237/300 Energy 43/100 System Corruption 10% Temperature Warm (129) Movement Rolling (115) Ox1 Location -7/Factory Parts ------- > --- POWER (1) -------- (None) > --- PROPULSION (5) --- Wheeled Huge-Compact Exoskeleton > --- UTILITY (5) ------ Armored Scrap Engine Large Storage Unit Advanced Targeting Computer Advanced Hacking Suite > --- WEAPON (2) ------- Kinetic Gauss Construct/C Thermic Construct/G > --- INVENTORY (15) --- Improved Heat Sink Huge Storage Unit System Shield Minigun Flak Gun Heavy Rocket Launcher Peak State ------------ > --- POWER ------------ Light Nuclear Core > --- PROPULSION ------- Wheeled Huge-Compact Exoskeleton Armored Huge Wheel Armored Huge Wheel > --- UTILITY ---------- Armored Scrap Engine Advanced Heat Sink High-capacity Storage Unit Hacking Suite > --- WEAPON ----------- Gauss Cannon Thermic Construct/G > --- INVENTORY -------- Large Storage Unit Improved Sensor Array Improved Terrain Scanner Improved Salvage Targeting Computer Advanced Targeting Computer Transmission Jammer Hardened Medium Armor Plating Improved Light Armor Plating Advanced Hacking Suite Long-range Tractor Beam Minigun High-powered Shotgun Flak Gun Flak Gun Flak Gun Flak Gun Gauss Cannon Advanced EMP Blaster Great Maul [Rating: 63] Favorites ----------- Power Ion Engine Engine Ion Engine Power Core Deuterium-Nuclear Core Propulsion Aluminum Leg Treads Light Treads Leg Aluminum Leg Wheel Wheeled Huge-Compact Exoskeleton Hover Unit Gravmag System Utility Large Storage Unit Device Armored Scrap Engine Storage Large Storage Unit Processor Signal Interpreter Hackware Hacking Suite Protection Medium Armor Plating Weapon Minigun Energy Gun Thermic Construct/G Ballistic Gun Minigun Ballistic Cannon Gauss Cannon Launcher Mini Grenade Launcher Build | -11 -10 -10 -9 -9 -9 -8 -8 -8 -8 -7 -7 -7 ------- Run | Scr Mat Min Mat Min Exi Min Mat Gar Mat Fac Gar Fac Slots Evolved 6 | . . . 2 . . . 2 . . 2 . . Power . | . . . . . . . . . . . . . Propulsion 3 | . . . 2 . . . 1 . . . . . Utility 3 | . . . . . . . 1 . . 2 . . Weapon . | . . . . . . . . . . . . . Parts Attached 115 | 6 6 11 2 8 . . 9 34 14 9 6 10 Power 14 | 1 . 4 . 1 . . 1 3 3 1 . . Engine 10 | 1 . 4 . 1 . . 1 1 2 . . . Core 4 | . . . . . . . . 2 1 1 . . Reactor . | . . . . . . . . . . . . . Propulsion 48 | 2 2 4 2 2 . . 5 19 4 3 3 2 Treads 4 | . 2 . . . . . . . . 1 . 1 Leg 41 | 2 . 4 2 2 . . 5 19 4 . 3 . Wheel 2 | . . . . . . . . . . 2 . . Hover 1 | . . . . . . . . . . . . 1 Flight . | . . . . . . . . . . . . . Utility 25 | 1 2 . . 2 . . 2 4 4 1 2 7 Device 8 | . . . . 1 . . 2 1 1 1 . 2 Storage 5 | 1 1 . . . . . . . 1 . . 2 Processor 3 | . 1 . . . . . . . . . . 2 Hackware 2 | . . . . . . . . 1 . . . 1 Protection 7 | . . . . 1 . . . 2 2 . 2 . Artifact . | . . . . . . . . . . . . . Weapon 28 | 2 2 3 . 3 . . 1 8 3 4 1 1 Energy Gun 2 | . . . . . . . 1 . . . 1 . Energy Cannon . | . . . . . . . . . . . . . Ballistic Gun 19 | 2 2 2 . 2 . . . 7 1 2 . 1 Ballistic Cannon 4 | . . 1 . . . . . . 2 1 . . Launcher 3 | . . . . 1 . . . 1 . 1 . . Special Weapon . | . . . . . . . . . . . . . Impact Weapon . | . . . . . . . . . . . . . Slashing Weapon . | . . . . . . . . . . . . . Piercing Weapon . | . . . . . . . . . . . . . Special Melee Weapon . | . . . . . . . . . . . . . Unidentified Prototypes 1 | . . . . . . . . . . 1 . . Corrupted Parts 1 | . . 1 . . . . . . . . . . System Corruption 4 | . . 4 . . . . . . . . . . Parts Lost 44 | . . 3 . 4 . . 1 4 2 8 3 19 Power 7 | . . 2 . 1 . . . . . 2 . 2 Propulsion 16 | . . 1 . 1 . . 1 1 2 3 . 7 Utility 10 | . . . . 2 . . . 2 . . 2 4 Weapon 11 | . . . . . . . . 1 . 3 1 6 Highest Loss Streak 7 | . . 1 . 3 . . 1 2 1 7 2 4 To Critical Strikes . | . . . . . . . . . . . . . Average Slot Usage (%) 89 | . 96 99 99 98 100 100 90 97 99 82 81 66 Engine 5 | . 14 13 11 9 11 11 9 2 4 6 . . Core 3 | . . . . . . . . 6 4 . 7 3 Treads 3 | . 24 10 . . . . . . . . 7 1 Leg 29 | . 3 17 43 44 44 44 45 44 44 23 17 14 Device 4 | . . . . 5 . . 9 . 2 15 7 9 Storage 9 | . 14 14 11 11 11 11 9 9 9 7 7 8 Processor 3 | . 10 14 11 . . . . . . . . 5 Hackware 4 | . . . . . . . . 8 9 7 4 1 Protection 4 | . . . . 5 11 11 9 8 5 . 9 3 Energy Gun 2 | . . . . . . . 9 1 . . 6 5 Ballistic Gun 10 | . 28 16 11 18 22 22 . 14 8 7 2 2 Ballistic Cannon 5 | . . 11 11 3 . . . . 9 6 5 4 Naked Turns . | . . . . . . . . . . . . . Heaviest Build 64 | 13 29 37 33 35 35 35 41 48 64 62 64 64 Greatest Support 87 | 20 40 40 50 50 45 45 55 87 84 76 72 72 Greatest Overweight (x) 16 | 3 . 1 . . . . . . . 3 6 16 Average Overweight (x) . | . . . . . . . . . . . . 1 Largest Inventory Capacity 20 | 8 15 15 15 15 15 15 15 15 20 20 20 20 Average Capacity 16 | 7 14 15 15 15 15 15 15 15 18 20 20 16 Most Carried 20 | 7 15 15 15 15 15 15 15 15 20 20 20 20 Average Carried 15 | 5 12 14 14 14 14 15 14 14 18 19 19 13 Final Capacity 20 | 8 15 15 15 15 15 15 15 15 20 20 20 15 Final Carried 20 | 6 15 15 15 15 15 15 15 15 20 18 20 6 Class Distribution -------------------- 49% | Scavenger-Mutant 36% | Mutant 11% | Scavenger-Construct Dominant Class ---------------- Mutant | -10/Materials Mutant | -10/Mines Mutant | -9/Materials Mutant | -9/Mines Scavenger-Mutant | -9/Exiles Scavenger-Mutant | -8/Mines Scavenger-Mutant | -8/Materials Scavenger-Mutant | -8/Garrison Scavenger-Mutant | -8/Materials Scavenger-Mutant | -7/Factory Scavenger-Construct | -7/Garrison Scavenger-Construct | -7/Factory Resources | -11 -10 -10 -9 -9 -9 -8 -8 -8 -8 -7 -7 -7 ----------- Run | Scr Mat Min Mat Min Exi Min Mat Gar Mat Fac Gar Fac Matter Collected 3331 | 234 90 429 . 213 . . 80 755 488 342 284 416 Remotely . | . . . . . . . . . . . . . Salvage Created 3966 | . 90 290 . 83 . . 654 1043 437 482 284 603 Parts 190 | . 3 17 . 3 . . 26 47 23 32 15 24 Haulers Intercepted 1 | . . . . . . . 1 . . . . . Recyclers Shooed 3 | . . . . . . . . . . 1 . 2 Parts Field Recycled . | . . . . . . . . . . . . . Retrieved Matter . | . . . . . . . . . . . . . Parts Self-Destructed . | . . . . . . . . . . . . . Prevented . | . . . . . . . . . . . . . Kills | -11 -10 -10 -9 -9 -9 -8 -8 -8 -8 -7 -7 -7 ------- Run | Scr Mat Min Mat Min Exi Min Mat Gar Mat Fac Gar Fac Combat Hostiles Destroyed 101 | . 2 9 . 6 . . 10 22 14 15 7 16 Guns 65 | . 2 5 . 5 . . 10 22 6 4 3 8 Cannons 28 | . . 4 . . . . . . 8 6 4 6 AOE 8 | . . . . 1 . . . . . 5 . 2 Classes Destroyed 13 | . 1 2 . 2 . . 6 1 . 1 . . Worker 1 | . . . . . . . . . . 1 . . Builder 3 | . . . . . . . 1 . 1 1 . . Tunneler 1 | . . 1 . . . . . . . . . . Hauler 1 | . . . . . . . 1 . . . . . Watcher 2 | . . . . . . . 1 1 . . . . Swarmer 15 | . . 2 . 3 . . . 2 3 3 . 2 Grunt 44 | . 2 7 . 1 . . 6 8 6 5 6 3 Duelist 3 | . . . . . . . 1 2 . . . . Sentry 21 | . . . . . . . 2 8 5 3 . 3 Demolisher 1 | . . . . 1 . . . . . . . . Hunter 7 | . . . . . . . 1 1 . 1 . 4 Programmer 9 | . . . . . . . . 1 . 3 1 4 Assembled 1 | . . . . 1 . . . . . . . . Best Kill Streak 9 | . 1 3 . 3 . . 9 5 4 9 2 2 Combat Bots Only 7 | . 1 2 . 3 . . 7 5 3 7 2 2 Max Kills in Single Turn 3 | . 1 1 . 2 . . 1 1 2 3 1 2 Gunslinging 1 | . . . . 1 . . . . 1 . . . Exploded 2 | . . . . 1 . . . . . 2 . 2 Melee . | . . . . . . . . . . . . . Uniques/NPCs Destroyed . | . . . . . . . . . . . . . Combat | -11 -10 -10 -9 -9 -9 -8 -8 -8 -8 -7 -7 -7 -------- Run | Scr Mat Min Mat Min Exi Min Mat Gar Mat Fac Gar Fac Damage Taken 9005 | . 57 652 . 393 . . 189 1552 744 1825 532 3061 Core 1143 | . 10 67 . 30 . . 42 208 64 211 82 429 Absorbed by Shields . | . . . . . . . . . . . . . Regen/Repaired (Parts) 181 | . . . . . . . . . 75 . . 106 Core Remaining (%) 75 | 100 . 69 . . . 92 . . 42 . . . Volleys Fired 309 | . 6 33 . 14 . . . 66 35 55 19 81 Largest 2 | . 2 2 . 2 . . . 2 2 2 2 2 Hottest 118 | . 40 69 . 69 . . . 53 96 91 110 118 Shots Fired 666 | . 12 65 . 26 . . 56 155 70 106 35 141 Gun 469 | . 12 40 . 22 . . 56 154 24 59 24 78 Cannon 191 | . . 25 . 3 . . . . 46 43 11 63 Launcher 6 | . . . . 1 . . . 1 . 4 . . Special . | . . . . . . . . . . . . . Kinetic 476 | . 12 65 . 25 . . . 107 70 84 16 97 Thermal 177 | . . . . . . . 56 47 . 18 14 42 Explosive 2 | . . . . 1 . . . 1 . . . . Electromagnetic 11 | . . . . . . . . . . 4 5 2 Robot Hit Streak 22 | . 6 9 . 3 . . 22 18 17 10 13 20 Robot Miss Streak 6 | . 2 3 . 4 . . 3 3 6 5 4 5 Penetration Max 1 | . . . . . . . . 1 . . . . Secondary Targets 4 | . . 1 . 1 . . . 1 1 . . . Max Gunslinging Chain 1 | . . 1 . 1 . . . 1 1 . . . Autonomous 104 | . . . . . . . 56 48 . . . . Shots Hit Robots 458 | . 8 42 . 14 . . 47 111 46 66 27 97 Core Hits 276 | . 4 14 . 13 . . 18 45 22 35 27 98 Critical Kills 1 | . . . . . . . . 1 . . . . Critical Parts Destroyed 1 | . . . . . . . . 1 . . . . Critical Strikes 16 | . . 1 . . . . . 2 4 6 . 3 Burn 1 | . . . . . . . . . . . . 1 Destroy 2 | . . . . . . . . 2 . . . . Blast 13 | . . 1 . . . . . . 4 6 . 2 Melee Attacks . | . . . . . . . . . . . . . Impact . | . . . . . . . . . . . . . Slashing . | . . . . . . . . . . . . . Piercing . | . . . . . . . . . . . . . Sneak Attacks . | . . . . . . . . . . . . . Combat Hostiles . | . . . . . . . . . . . . . Follow-up Attacks . | . . . . . . . . . . . . . Damage Inflicted 10658 | . 82 819 . 475 . . 1310 2541 1181 2168 487 1595 Guns 6793 | . 82 424 . 273 . . 1310 2528 295 773 317 791 Cannons 3089 | . . 395 . 75 . . . . 886 959 170 604 Explosions 776 | . . . . 127 . . . 13 . 436 . 200 Melee . | . . . . . . . . . . . . . Ramming . | . . . . . . . . . . . . . Kinetic 6647 | . 82 819 . 348 . . . 1468 1181 1501 280 968 Thermal 3366 | . . . . . . . 1310 1060 . 408 175 413 Explosive 340 | . . . . 127 . . . 13 . . . 200 Electromagnetic 305 | . . . . . . . . . . 259 32 14 Impact . | . . . . . . . . . . . . . Slashing . | . . . . . . . . . . . . . Piercing . | . . . . . . . . . . . . . Highest Corruption 10 | . 1 6 . 1 1 1 . 1 1 4 5 10 Average Corruption 3 | . 1 1 . 1 1 1 . 1 1 2 4 7 Corruption Purged . | . . . . . . . . . . . . . Corruption Blocked . | . . . . . . . . . . . . . Effects 124 | . 3 19 . 1 3 . . 8 9 6 9 66 Message Errors 34 | . 1 6 . 1 1 . . 3 2 . 2 18 Matter Fused 31 | . 1 6 . . . . . 2 2 2 3 15 Heat Flow Errors 12 | . . . . . 1 . . . 2 1 1 7 Energy Discharges 14 | . . 1 . . . . . . 1 . . 12 Data Loss (minor) 12 | . . 4 . . 1 . . 1 2 . . 4 Data Loss (major) 7 | . 1 . . . . . . 1 . . 1 4 Misfires 2 | . . . . . . . . . . 1 1 . Alerts 4 | . . 1 . . . . . 1 . 1 . 1 Misdirections 3 | . . . . . . . . . . . . 3 Weapon Failures 5 | . . 1 . . . . . . . 1 1 2 Overload Shots . | . . . . . . . . . . . . . Overflow Damage 102 | . . 24 . 26 . . . . 8 24 . 20 Projectiles 101 | . . 24 . 26 . . . . 8 23 . 20 Explosions 1 | . . . . . . . . . . 1 . . Melee . | . . . . . . . . . . . . . Knockbacks 58 | . . 6 . 2 . . . . 3 14 6 27 Impact . | . . . . . . . . . . . . . Kinetic 56 | . . 6 . 2 . . . . 3 13 6 26 Secondary 2 | . . . . . . . . . . 1 . 1 Self-Inflicted Damage 238 | . . . . . . . . 31 . 60 . 147 Shots 6 | . . . . . . . . 1 . 3 . 2 Rammed . | . . . . . . . . . . . . . Targets Rammed . | . . . . . . . . . . . . . Kicked . | . . . . . . . . . . . . . Crushed . | . . . . . . . . . . . . . Highest Temperature 477 | . 6 205 . 22 283 . . 21 477 185 243 291 Average Temperature 83 | . 6 75 . 13 150 . . 5 122 39 86 86 Received Heat Transfer 2415 | . 30 258 . . . . 36 477 423 573 216 402 Effects 5 | . . . . . 1 . . . 4 . . . Energy Bleed 1 | . . . . . 1 . . . . . . . Damage (major) 4 | . . . . . . . . . 4 . . . Siege Activations . | . . . . . . . . . . . . . Robots Corrupted . | . . . . . . . . . . . . . Combat Hostiles . | . . . . . . . . . . . . . Parts Fried . | . . . . . . . . . . . . . Impact Corruptions . | . . . . . . . . . . . . . Robots Melted . | . . . . . . . . . . . . . Combat Hostiles . | . . . . . . . . . . . . . Parts Melted 8 | . . . . . . . 3 2 . . . 3 Heat Transferred 4557 | . . . . . . . 1665 1310 . 657 370 555 Parts Sabotaged . | . . . . . . . . . . . . . Parts Stolen . | . . . . . . . . . . . . . Parts Stripped . | . . . . . . . . . . . . . Power Chain Reactions 6 | . . . . . . . . . . 1 . 5 Missiles Intercepted . | . . . . . . . . . . . . . Alert | -11 -10 -10 -9 -9 -9 -8 -8 -8 -8 -7 -7 -7 ------- Run | Scr Mat Min Mat Min Exi Min Mat Gar Mat Fac Gar Fac Peak Influence 1410 | . 103 154 5 135 . . 362 1410 818 392 335 212 Initial 687 | . . . 5 1 . . . 135 687 180 203 175 Average 253 | . 70 41 5 62 . . 116 718 383 164 266 57 Maximum Alert Level 4 | . . . . . . . 1 4 3 1 1 1 Low Security (%) 61 | 100 100 100 100 100 . 100 71 9 14 68 . 99 Level 1 19 | . . . . . . . 28 21 47 31 100 . Level 2 7 | . . . . . . . . 24 21 . . . Level 3 6 | . . . . . . . . 19 16 . . . Level 4 4 | . . . . . . . . 25 . . . . Level 5 . | . . . . . . . . . . . . . High Security . | . . . . . . . . . . . . . Max Security . | . . . . . . . . . . . . . Squads Dispatched 17 | . 1 . . . . . 1 . 1 5 . 9 Investigation 1 | . . . . . . . . . . . . 1 Extermination 7 | . . . . . . . . . . 2 . 5 Reinforcement 7 | . 1 . . . . . 1 . 1 1 . 3 Assault . | . . . . . . . . . . . . . Garrison 2 | . . . . . . . . . . 2 . . Intercept . | . . . . . . . . . . . . . Searches Triggered . | . . . . . . . . . . . . . Construction Impeded 1 | . . . . . . . . . . . . 1 Haulers Reinforced . | . . . . . . . . . . . . . Active Scanning Responses . | . . . . . . . . . . . . . Cargo Convoy Interrupts . | . . . . . . . . . . . . . Stealth | -11 -10 -10 -9 -9 -9 -8 -8 -8 -8 -7 -7 -7 --------- Run | Scr Mat Min Mat Min Exi Min Mat Gar Mat Fac Gar Fac Distress Signals 8 | . 2 . . . . . 1 2 3 . . . Communications Jammed . | . . . . . . . . . . . . . Distress Signals . | . . . . . . . . . . . . . Times Spotted 168 | . 5 17 . 13 . . 16 41 23 19 7 27 Peak Tracking Total 10 | . 3 3 . 5 . . 4 8 6 10 3 4 Tactical Retreats 22 | . 1 4 . 1 . . 1 7 6 1 . 1 Traps | -11 -10 -10 -9 -9 -9 -8 -8 -8 -8 -7 -7 -7 ------- Run | Scr Mat Min Mat Min Exi Min Mat Gar Mat Fac Gar Fac Traps Triggered 13 | . 1 2 . . . . . 5 1 1 2 1 Indirectly . | . . . . . . . . . . . . . Trap Hack Attempts . | . . . . . . . . . . . . . Triggered . | . . . . . . . . . . . . . Disarmed . | . . . . . . . . . . . . . Reprogrammed . | . . . . . . . . . . . . . Reused . | . . . . . . . . . . . . . Traps Extracted . | . . . . . . . . . . . . . Installed . | . . . . . . . . . . . . . Triggered . | . . . . . . . . . . . . . Machines | -11 -10 -10 -9 -9 -9 -8 -8 -8 -8 -7 -7 -7 ---------- Run | Scr Mat Min Mat Min Exi Min Mat Gar Mat Fac Gar Fac Machines Disabled 11 | . . . . . . . 2 1 2 2 . 4 Max in Single Turn 2 | . . . . . . . 1 . 1 2 . 2 Machines Sabotaged . | . . . . . . . . . . . . . Overloaded Fab Kills 3 | . . . . . . . . . . . . 3 Hacking | -11 -10 -10 -9 -9 -9 -8 -8 -8 -8 -7 -7 -7 --------- Run | Scr Mat Min Mat Min Exi Min Mat Gar Mat Fac Gar Fac Machines Accessed 34 | . 4 1 1 . 1 . 2 5 7 5 1 7 Terminals 20 | . 3 . 1 . . . 1 5 5 3 1 1 Fabricators 4 | . . . . . . . . . . 1 . 3 Repair Stations 3 | . . . . . . . . . 1 . . 2 Recycling Units 1 | . 1 . . . . . . . . . . . Scanalyzers 2 | . . . . . . . . . 1 . . 1 Garrison Access 2 | . . . . . . . 1 . . 1 . . Total Hacks 77 | . 12 1 5 . 1 . 4 8 17 10 1 18 Successful 42 | . 8 1 2 . 1 . 2 5 8 5 1 9 Failed 35 | . 4 . 3 . . . 2 3 9 5 . 9 Catastrophic 4 | . . . . . . . . . 3 1 . . Database Lockouts . | . . . . . . . . . . . . . Manual 20 | . 2 . . . 1 . . . 7 2 . 8 Terminals 47 | . 11 . 5 . . . 2 8 11 7 1 2 Fabricators 13 | . . . . . . . . . . 2 . 11 Repair Stations 6 | . . . . . . . . . 3 . . 3 Recycling Units 1 | . 1 . . . . . . . . . . . Scanalyzers 5 | . . . . . . . . . 3 . . 2 Garrison Access 3 | . . . . . . . 2 . . 1 . . Terminal Hacks 26 | . 7 1 2 . 1 . 1 5 4 3 1 1 Record 1 | . . . . . . . . . 1 . . . Robot Analysis 1 | . . . . . . . 1 . . . . . Prototype ID Bank 4 | . 2 . 1 . . . . . . 1 . . Open Door 2 | . . 1 . . . . . 1 . . . . Open DSF 2 | . . . . . . . . . . 1 . 1 Emergency Access Points 2 | . . . . . . . . 1 . . 1 . Alert Level 1 | . 1 . . . . . . . . . . . Unreport Threat 3 | . . . . . . . . . 3 . . . Locate Traps 2 | . 1 . 1 . . . . . . . . . Dispatch Records 1 | . 1 . . . . . . . . . . . Maintenance Status 1 | . 1 . . . . . . . . . . . Zone Layout 2 | . 1 . . . . . . . . 1 . . Garrison Registry 1 | . . . . . . . . 1 . . . . Patrol Navigation 1 | . . . . . . . . 1 . . . . Security Stations 1 | . . . . . . . . 1 . . . . EX-Prototype ID Bank 1 | . . . . . 1 . . . . . . . Fabricator Hacks 2 | . . . . . . . . . . . . 2 Network Status 1 | . . . . . . . . . . . . 1 Build 1 | . . . . . . . . . . . . 1 Repair Station Hacks 4 | . . . . . . . . . 2 . . 2 Scan Component 2 | . . . . . . . . . 1 . . 1 Repair 2 | . . . . . . . . . 1 . . 1 Recycling Unit Hacks 1 | . 1 . . . . . . . . . . . Report Inventory 1 | . 1 . . . . . . . . . . . Scanalyzer 2 | . . . . . . . . . 2 . . . Insert Component 1 | . . . . . . . . . 1 . . . Analyze 1 | . . . . . . . . . 1 . . . Garrison Access Hacks 2 | . . . . . . . 1 . . 1 . . Unlock Access 2 | . . . . . . . 1 . . 1 . . Unauthorized Hacks 5 | . . . . . . . . . . 1 . 4 Terminals . | . . . . . . . . . . . . . Fabricators 5 | . . . . . . . . . . 1 . 4 Report 2 | . . . . . . . . . . 1 . 1 Fabnet 1 | . . . . . . . . . . . . 1 Haulers 1 | . . . . . . . . . . . . 1 Overload 1 | . . . . . . . . . . . . 1 Repair Stations . | . . . . . . . . . . . . . Recycling Units . | . . . . . . . . . . . . . Scanalyzers . | . . . . . . . . . . . . . Garrison Access . | . . . . . . . . . . . . . Data Cores Recovered . | . . . . . . . . . . . . . Used . | . . . . . . . . . . . . . Hacking Detections 23 | . 1 . 1 . . . 1 3 7 5 1 4 Full Trace Events 1 | . . . . . . . . . 1 . . . Feedback Events . | . . . . . . . . . . . . . Feedback Blocked . | . . . . . . . . . . . . . Robot Schematics Acquired . | . . . . . . . . . . . . . Robots Built 3 | . . . . . . . . . . . . 3 Authchips . | . . . . . . . . . . . . . Time 134 | . . . . . . . . . . . . 134 Total Robot Build Rating 12 | . . . . . . . . . . . . 12 Part Schematics Acquired 1 | . . . . . . . . . 1 . . . Parts Built . | . . . . . . . . . . . . . Authchips . | . . . . . . . . . . . . . Time . | . . . . . . . . . . . . . Total Part Build Rating . | . . . . . . . . . . . . . Parts Repaired 2 | . . . . . . . . . 1 . . 1 Time 52 | . . . . . . . . . 26 . . 26 Parts Recycled . | . . . . . . . . . . . . . Recycled Matter . | . . . . . . . . . . . . . Retrieved Matter . | . . . . . . . . . . . . . Retrieved Components . | . . . . . . . . . . . . . Parts Scanalyzed 1 | . . . . . . . . . 1 . . . Part Schematics Acquired 1 | . . . . . . . . . 1 . . . Parts Damaged . | . . . . . . . . . . . . . Bothacking | -11 -10 -10 -9 -9 -9 -8 -8 -8 -8 -7 -7 -7 ------------ Run | Scr Mat Min Mat Min Exi Min Mat Gar Mat Fac Gar Fac Used RIF Installer 3 | . . . . . . . . 2 . . 1 . Threat Obfuscator 1 | . . . . . . . . . . . 1 . Watcher Feeds 1 | . . . . . . . . 1 . . . . Robots Hacked . | . . . . . . . . . . . . . Non-combat . | . . . . . . . . . . . . . Combat . | . . . . . . . . . . . . . Robot Hacks Applied . | . . . . . . . . . . . . . Relay Couplers Released 3 | . . . . . . . . 3 . . . . Programmers 3 | . . . . . . . . 3 . . . . Fabnet Peak Effective % . | . . . . . . . . . . . . . Robots Rewired 10 | . . . . . . . . 10 . . . . Allies Hacked . | . . . . . . . . . . . . . Hacks Repelled . | . . . . . . . . . . . . . Allies | -11 -10 -10 -9 -9 -9 -8 -8 -8 -8 -7 -7 -7 -------- Run | Scr Mat Min Mat Min Exi Min Mat Gar Mat Fac Gar Fac Total Allies 16 | . . 1 . . . . . 12 . . . 3 Largest Group 6 | . . 1 . . . . . 6 2 . . 3 Highest-Rated Group 146 | . . 31 . . . . . 146 47 . . 60 Highest-Rated Ally 40 | . . 31 . . . . . 40 31 . . 20 Total Orders . | . . . . . . . . . . . . . Ally Attacks 134 | . . 9 . . . . . 98 17 . . 10 Total Damage 2280 | . . 167 . . . . . 1678 209 . . 226 Kills 26 | . . 2 . . . . . 21 2 . . 1 Allies Corrupted . | . . . . . . . . . . . . . Allies Melted 1 | . . . . . . . . 1 . . . . Turrets Deployed 3 | . . . . . 3 . . . . . . . Intel | -11 -10 -10 -9 -9 -9 -8 -8 -8 -8 -7 -7 -7 ------- Run | Scr Mat Min Mat Min Exi Min Mat Gar Mat Fac Gar Fac Robot Analysis Total 1 | . . . . . . . 1 . . . . . Derelict Logs Recovered 2 | . . 2 . . . . . . . . . . Drone Launches . | . . . . . . . . . . . . . Drone Recoveries . | . . . . . . . . . . . . . Exploration | -11 -10 -10 -9 -9 -9 -8 -8 -8 -8 -7 -7 -7 ------------- Run | Scr Mat Min Mat Min Exi Min Mat Gar Mat Fac Gar Fac Turns Passed 10445 | 87 431 1480 112 366 302 76 441 1946 1605 922 389 2288 Spaces Moved 5908 | 51 243 727 90 240 250 64 291 1234 922 505 148 1143 Core 139 | 24 . . . . . . . . . . . 115 Treads 547 | . 203 288 . . . . . . . . 56 . Legs 4674 | 27 40 439 90 240 250 64 291 1234 922 339 81 657 Wheels 370 | . . . . . . . . . . 166 11 193 Hover 178 | . . . . . . . . . . . . 178 Flight . | . . . . . . . . . . . . . Fastest Speed 50 | 50 120 160 120 120 120 120 120 114 120 100 131 60 Average Speed 139 | 142 153 178 120 120 120 120 120 116 120 123 210 168 Slowest Speed 850 | 200 160 190 120 120 120 120 120 120 120 330 540 850 Overloaded Moves . | . . . . . . . . . . . . . Propulsion Burnouts . | . . . . . . . . . . . . . Robots Hopped . | . . . . . . . . . . . . . Cave-ins Triggered . | . . . . . . . . . . . . . Exploration Rate (%) 41 | 5 36 91 10 51 61 26 30 82 68 13 29 32 Regions Visited 12 Branch Regions 4 Pre-discovered Areas 1 | . . 1 . . . . . . . . . . Known Exits Taken 5 | . 1 1 1 . . . 1 . . 1 . . Unknown Exits Taken 5 | 1 . . . 1 1 1 . . 1 . . . Scrap Searched 4 | . . 3 . 1 . . . . . . . . Spaces Dug 26 | . . . . 9 . . . . . 17 . . Terrain Destroyed 113 | . . 4 . 9 . . 7 13 17 33 . 30 Melee . | . . . . . . . . . . . . . Projectile 40 | . . 4 . . . . 7 2 17 10 . . AOE 73 | . . . . 9 . . . 11 . 23 . 30 Terrain Rammed . | . . . . . . . . . . . . . Walls Destroyed . | . . . . . . . . . . . . . Machines Disabled . | . . . . . . . . . . . . . Actions | -11 -10 -10 -9 -9 -9 -8 -8 -8 -8 -7 -7 -7 --------- Run | Scr Mat Min Mat Min Exi Min Mat Gar Mat Fac Gar Fac Total 7587 | 63 291 863 97 297 254 63 386 1652 1358 710 189 1364 Wait 961 | . 22 59 . 25 . . 72 177 354 124 9 119 Move 5898 | 50 242 726 89 239 249 63 291 1233 921 505 147 1143 Hop . | . . . . . . . . . . . . . Pick Up 99 | 7 10 15 4 6 2 . 5 17 16 7 2 8 Fast Attach 38 | 5 2 5 . 2 . . . 8 6 4 4 2 Attach 33 | 1 . 2 2 3 . . 4 7 2 3 2 7 Detach 7 | . 1 . . . . . 2 1 . . 2 1 Swap 44 | . 4 4 . 3 . . 5 19 6 2 . 1 Drop 105 | . 4 19 2 5 3 . 7 35 18 10 . 2 Fire 309 | . 6 33 . 14 . . . 66 35 55 19 81 Melee . | . . . . . . . . . . . . . Ram . | . . . . . . . . . . . . . Kick . | . . . . . . . . . . . . . Crush . | . . . . . . . . . . . . . Escape Stasis 13 | . . . . . . . . 9 . . 4 . Rewire 80 | . . . . . . . . 80 . . . . Trap . | . . . . . . . . . . . . . Miscellaneous . | . . . . . . . . . . . . . Route ------- -11/Scrapyard -10/Materials (discovered 2 exits: *Mat / *Min) -10/Mines (discovered 2 exits: *Mat x2) -9/Materials -9/Mines (discovered 3 exits: *Mat x2 / *Exi) -9/Exiles -8/Mines -8/Materials -8/Garrison (discovered 3 exits: *Mat x3) -8/Materials (discovered 2 exits: *Fac x2) -7/Factory -7/Garrison -7/Factory History --------- Turn | Location | Event 56 | -11/Scrapyard | Discovered new exit (range 15) 88 | -11/Scrapyard | Entered Materials 106 | -10/Materials | Discovered new exit (range 6) 303 | -10/Materials | Build established: Mutant 391 | -10/Materials | Discovered new exit (range 16) 434 | -10/Materials | Identified exit to Materials 517 | -10/Materials | Identified exit to Mines 519 | -10/Materials | Entered Mines 522 | -10/Mines | Received a Mining Laser from a helpful Derelict 642 | -10/Mines | Discovered exit to Materials (range 5) 784 | -10/Mines | Discovered exit to Materials (range 7) 801 | -10/Mines | Met a Derelict who couldn't figure out how to use a Trap Extractor 1119 | -10/Mines | Learned location of Recycling (-7) 1479 | -10/Mines | Learned Materials stockpile data 1999 | -10/Mines | Entered Materials 1999 | -9/Materials | Evolved 2 slots: Propulsion x2 2069 | -9/Materials | Discovered new exit (range 16) 2110 | -9/Materials | Identified exit to Mines 2111 | -9/Materials | Entered Mines 2112 | -9/Mines | Assembled infested the area 2117 | -9/Mines | Assisted by a Guerilla fighting off Assembled 2218 | -9/Mines | A weapon hastily lodged in a ceiling crevice suddenly fell to the ground 2236 | -9/Mines | Discovered new exit (range 5) 2242 | -9/Mines | Discovered new exit (range 14) 2345 | -9/Mines | Lost 3 parts (1p1n1u) 2390 | -9/Mines | Joined a pair of Derelicts in attacking an 0b10 outpost 2473 | -9/Mines | Deemed a non-threat by the Exiles lab entrance 2473 | -9/Mines | Discovered new exit (range 5) 2477 | -9/Mines | Entered Exiles 2510 | -9/Exiles | Met 8R-AWN 2525 | -9/Exiles | Met EX-HEX 2564 | -9/Exiles | Met EX-BIN 2577 | -9/Exiles | Aligned with FarCom system 2578 | -9/Exiles | Given EX-Vault access code 2602 | -9/Exiles | Build established: Scavenger-Mutant 2608 | -9/Exiles | Opened EX-Vault 2618 | -9/Exiles | DAS Turret deployed 2619 | -9/Exiles | DAS Turret deployed 2620 | -9/Exiles | DAS Turret deployed 2624 | -9/Exiles | Found AWS/Thermal 2651 | -9/Exiles | Warned to stay clear of 0b10 Research branches 2686 | -9/Exiles | Met EX-DEC 2764 | -9/Exiles | Discovered new exit (range 10) 2779 | -9/Exiles | Left Exiles lab with AWS/Thermal 2779 | -9/Exiles | Entered Mines 2843 | -8/Mines | Discovered new exit (range 12) 2855 | -8/Mines | Entered Materials 2855 | -8/Materials | Evolved 2 slots: Propulsion x1, Utility x1 3239 | -8/Materials | Destroyed 7 combat bots 3296 | -8/Materials | Identified exit to Garrison 3296 | -8/Materials | Entered Garrison 3336 | -8/Garrison | Triggered checkpoint 3440 | -8/Garrison | Triggered checkpoint 3874 | -8/Garrison | Discovered new exit (range 10) 3923 | -8/Garrison | Learned Materials security intel 3998 | -8/Garrison | Triggered checkpoint 4040 | -8/Garrison | Triggered checkpoint 4066 | -8/Garrison | Triggered checkpoint 4306 | -8/Garrison | Triggered checkpoint 4309 | -8/Garrison | Discovered new exit (range 14) 4564 | -8/Garrison | Discovered new exit (range 11) 4698 | -8/Garrison | Triggered checkpoint 4849 | -8/Garrison | Rescued a captive Derelict 4853 | -8/Garrison | Rescued a captive Derelict 4881 | -8/Garrison | Discovered new exit (range 68) 4881 | -8/Garrison | Discovered new exit (range 90) 4881 | -8/Garrison | Discovered new exit (range 23) 5005 | -8/Garrison | Installed Relay Interface Framework 5052 | -8/Garrison | Triggered checkpoint 5183 | -8/Garrison | Expanded RIF knowledge: Watcher Feeds 5242 | -8/Garrison | Entered Materials 5242 | -8/Materials | Accompanied by 2 allies 5295 | -8/Materials | Repaired Lgt. Armor Plating 5423 | -8/Materials | Discovered new exit (range 16) 6326 | -8/Materials | Core integrity fell below 50% 6784 | -8/Materials | Discovered new exit (range 13) 6847 | -8/Materials | Entered Factory 6847 | -7/Factory | Evolved 2 slots: Utility x2 6847 | -7/Factory | Found Scrap Engine 7575 | -7/Factory | Garrison activated, responded to threat 7632 | -7/Factory | Destroyed 7 combat bots 7637 | -7/Factory | Build established: Mutant 7737 | -7/Factory | Lost 7 parts (2p3n2w) 7769 | -7/Factory | Identified exit to Garrison 7769 | -7/Factory | Entered Garrison 7790 | -7/Garrison | Triggered checkpoint 7990 | -7/Garrison | Triggered checkpoint 8134 | -7/Garrison | Expanded RIF knowledge: Threat Obfuscation 8144 | -7/Garrison | Discovered new exit (range 12) 8158 | -7/Garrison | Entered Factory 8244 | -7/Factory | Build established: Scavenger-Construct 8354 | -7/Factory | Fabricated B-48 Gladiator (x3) 8777 | -7/Factory | Lost 3 parts (1p1n1w) 8960 | -7/Factory | Core integrity fell below 50% 9230 | -7/Factory | Lost 4 parts (2n1u1w) 9370 | -7/Factory | System corruption reached 10% 9696 | -7/Factory | Core integrity fell below 20% 9830 | -7/Factory | Build established: Mutant 10135 | -7/Factory | Repaired Lrg. Storage Unit 10446 | -7/Factory | Destroyed self via exploding Nuclear Reactor Last Messages --------------- 10382_ H-55 Commando knocked back. 10384_ Slug penetrates Wall. 10387_ System corrupted: Matter fused (-6). 10393_ Penetrated by Slug. 10393_ Ballistic Gauss Construct/C destroyed. 10393_ Arm. Scrap Engine damaged due to network destabilization (-10). 10395_ Arm. Scrap Engine constructs Thermic Construct/G. 10396_ H-55 Commando destroyed. 10398_ U-05 Engineer destroyed. 10399_ U-05 Engineer builds a Door. 10408_ ALERT: Rogue bot located, Programmers report to Factory Zone 9C. 10415_ IU,W1 Y0A/P9UQKRZ PNN1KM 10423_ Arm. Scrap Engine consumes Ion Cannon. 10428_ Arm. Scrap Engine consumes Unknown Energy Gun. 10428_ Slug penetrates Nuclear Reactor. 10443_ System corrupted: Kinetic Gauss Construct/C jammed. 10444_ Critical hit (Burn: +37). 10446_ Nuclear Reactor explodes. 10446_ G-47 Trooper destroyed. 10446_ Nuclear Reactor explodes. Map ----- +----------------------------------------------------+ | ?????????????????????????# a | | ?????????????????????????# % | | ?????????????????????????# #### ######+ | | ?????????????????????????# ???# #?????? | | ???????????????????????? ??### """ #?????? | | ??????????????????????? ??#"" """ ""#?????? | | ???????????????????????? ???#"F """ F"#?????? | | ????????????????????????? ????#"" "" "#?????? | | ????????????????????????????????#"" "" ""#?????? | | ?????????????????????????###+###### #?????? | | ????????????????????????? ?# #?????? | | ?????????????????????????? # #### #?????? | | ??????????????????# ???????""""" # #??# #?????? | | ??????????????????# ???????""""" + #??# #?????? | | ??????????????????# ??????""""" # #??? #?????? | | ??????????????????# ??????""""" # #??? #?????? | | ??????????????????# ????? ?# #??? #?????? | | ?????????########## ???? ?# #??? ?????? | | ????????? ???######??# #??? ??????? | | ?????????? ??????????# #??? ??????? | | ??????????? ??????????# #???###??????? | | ???????????# ####??????# #????????????? | | ???????????# #??????# #????????????? | | ???????????# # ##?????# #????????????? | | ???????????# % #######+#????????????? | | ???????????# ! @ #????????????? | | ???????????# """ ! #????????????? | | ???????????# #""" #????????????? | | ???????????# """ #????????????? | | ???????????#u # # #????????????? | | ???????????# # #""" #????????????? | | ######+##### # #""" #????????????? | | # #""" #????????????? | | ^ ######## # #????????????? | | """ #?????????#####+########????????? | | """"" ############ ??? | | """"" a ??? | | !=###+############### ??? | | """ *%# #????????# ???? | | """"" # """ #????????# ???? | | """"" # """ #????????###########+#####????? | | = + """ #?????????????????????????????? | | %| # #?????????????????????????????? | | * # """ #?????????????????????????????? | | ########### """ #?????????????????????????????? | | ??????????# """ #?????????????????????????????? | | ??????????# #?????????????????????????????? | | ??????????##########?????????????????????????????? | | ?????????????????????????????????????????????????? | | ?????????????????????????????????????????????????? | +----------------------------------------------------+ Best States ------------- Heat Dissipation 53 Energy Generation 19 Energy Capacity 315 Matter Stores 300 Matter Capacity 350 Sight Range 16 Terrain Scan Density 10 Armor Coverage 375 Evasion (%) 55 Targeting Accuracy 8 Recoil Reduction 3 Salvage Targeting 2 Offensive Hacking 14 Authchip Count 1 Item Schematics ----------------- Adv. Heat Sink | -8/Materials | Scanalyzed Robot Schematics ------------------ None Fabricated ------------ B-48 Gladiator | x3 | -7/Factory | Preloaded Alien Tech Used ----------------- None Achievements -------------- Ride The Lightning Challenges ------------ None Game ------ Seed ReactiveAblativeKatana Manual? 0 Play Time 01:27:10 Cumulative 64.1 hours Start 2022.09.09 @ 16:10:35 End 2022.09.09 @ 20:25:33 Sessions 3 Manual Loads 0 Difficulty Rogue Special Mode None Game No. 49 Rogue 49 Adventurer 0 Explorer 0 Win Type - Total 1 Types 1/0/0/0/0/0/0/0/0 Lore% 56 Gallery% 54 Achievement% 49 Wizard Run 0 Options --------- ASCII 0 Keyboard 1 Movement Vi Keybinds 0 Fullscreen 2 Font 24/Proggy Map View 76x50 Tactical HUD 1 Map Filters NONE Filters NONE Steam 1 RUN: 8ee228d3-0945-4702-ab7c-d239426d1f2e